 Dungeon Sprint DCSS version 0.23-a0-539-g3f6f39f (webtiles) character file.

14596 Ghella the End of an Era (level 12, -11/85 HPs)
             Began as a Formicid Fighter on Dec 7, 2018.
             Was the Champion of Qazlal.
             Killed from afar by a Tzitzimitl (66 damage)
             ... with a bolt of negative energy
             ... in the Dungeon (Sprint VII: "The Pits").
             The game lasted 00:12:25 (3010 turns).

Ghella the End of an Era (Formicid Fighter)         Turns: 3010, Time: 00:12:26

Health: -11/85     AC: 17    Str: 27    XL:     12   Next: 47%
Magic:  22/25      EV: 10    Int: 10    God:    Qazlal [******]
Gold:   46         SH: 21    Dex: 13    Spells: 11/11 levels left

rFire    + . .     SeeInvis +   b - +2 war axe (freeze)
rCold    + + .     Gourm    .   c - +0 shield
rNeg     . . .     Faith    .   l - +3 chain mail
rPois    +         Spirit   .   (helmet unavailable)
rElec    +         Reflect  .   u - +0 cloak
rCorr    +         Harm     .   w - +0 pair of gloves
MR       +....     Clarity  +   (no boots)
Stlth    ..........             (no amulet)
HPRegen  0.24/turn              s - +3 ring of strength
MPRegen  0.19/turn              t - +3 ring of dexterity

@: resistant, protected from cold, heavily drained, repel missiles
A: permanent stasis, dig shafts and tunnels, four strong arms, antennae 3,
clarity, frail 1, poison resistance, evolution 1
a: Dig, Upheaval, Elemental Force, Disaster Area, Renounce Religion


You were in the Dungeon.
You worshipped Qazlal.
Qazlal was exalted by your worship.
You were not hungry.

You visited 1 branch You collected 46 gold pieces.

Inventory:

Hand Weapons
 b - a +2 war axe of freezing (weapon)
Armour
 c - a +0 shield (worn)
 l - a +3 chain mail (worn)
 u - a +0 cloak (worn)
 w - a +0 pair of gloves (worn)
Jewellery
 s - a +3 ring of strength (left hand)
 t - a +3 ring of dexterity (right hand)
 B - an uncursed ring of protection from cold
 C - an uncursed ring of ice
Wands
 a - a wand of random effects (20)
Scrolls
 k - 4 scrolls of blinking
 n - 6 scrolls of remove curse
 o - 5 scrolls of amnesia
 p - a scroll of summoning
 q - 2 scrolls of vulnerability
 r - 2 scrolls of identify
 y - a scroll of fog
 z - a scroll of fear
Potions
 d - 5 potions of might
 e - 8 potions of curing
 g - 9 potions of heal wounds
 h - 4 potions of haste
 i - 4 potions of magic
 j - 4 potions of berserk rage
 m - 2 potions of invisibility
 x - a potion of brilliance
 A - a potion of resistance
Comestibles
 f - 8 rations


   Skills:
 + Level 9.1(7.4) Fighting
 * Level 15.8(13.8) Axes
 + Level 11.6(9.8) Armour
 + Level 4.8(3.3) Dodging
 + Level 14.4(12.5) Shields
 * Level 19.9(17.7) Invocations


You had 11 spell levels left.
You didn't know any spells.
Your spell library was empty.

Dungeon Overview and Level Annotations

Branches:
Dungeon (1/1)

Altars:
Ashenzari
Cheibriados
Dithmenos
Elyvilon
Fedhas
Gozag
Hepliaklqana
Kikubaaqudgha
Makhleb
Nemelex Xobeh
Okawaru
Qazlal
Ru
Sif Muna
Trog
Uskayaw
Vehumet
Wu Jian
Xom
Yredelemnul
Zin
The Shining One
Beogh
Jiyva
Lugonu


Innate Abilities, Weirdness & Mutations

You cannot be hasted, slowed, berserked, paralysed or teleported.
You can dig through walls and to a lower floor.
Your four strong arms can wield two-handed weapons with a shield.
You have a pair of large antennae on your head. (SInv)
You possess an exceptional clarity of mind.
You are frail. (-10% HP)
Your system is resistant to poisons. (rPois)
You evolve.


Message History

Okay, then.
Your water elemental disappears in a puff of smoke!
The Tzitzimitl calls on the powers of darkness!
Your body is wracked with pain!
You feel much better.
You feel protected. You block the Tzitzimitl's attack.
The Tzitzimitl bites you but does no damage.
You miss the Tzitzimitl.
The Tzitzimitl is moderately wounded.
The Tzitzimitl gestures at you. The bolt of negative energy hits you!
You feel drained.
* * * LOW HITPOINT WARNING * * *
You feel much better. The Tzitzimitl engulfs you!
You block the Tzitzimitl's attack.
You feel much better. The Tzitzimitl gestures at you.
The bolt of negative energy hits you!
You feel drained.
Ouch! That really hurt!
You die...

{{ { { #+# { { #.#
#'#
###################'#
................@1§.#
..............§§÷...#
##++##############§.#
{ #..# #..# #..# #..#
#..# { #..#


You could see a Tzitzimitl.

Vanquished Creatures
  A hydra (D)
  A two-headed ogre (D)
  A sea snake (D)
  3 skeletal warriors (D)
  A phantasmal warrior (D)
  A deep elf mage (D)
  An elephant (D)
  2 black mambas (D)
  2 spiny frogs (D)
  A gargoyle (D)
  A rime drake (D)
  A kobold demonologist (D)
  A hellwing (D)
  An ice devil (D)
  2 guardian mummies (D)
  A wind drake (D)
  A demonic crawler (D)
  A wandering mushroom (D)
  2 tyrant leeches (D)
  5 dream sheep (D)
  9 blink frogs (D)
  A redback (D)
  2 ynoxinuls (D)
  A wraith (D)
  Eustachio (D)
  A basilisk (D)
  3 vampire mosquitoes (D)
  A small abomination (D)
  A hungry ghost (D)
  A soldier ant (D)
  Duvessa (D)
  A porcupine (D)
  A sky beast (D)
  A necrophage (D)
  An ogre (D)
  A crocodile (D)
  Dowan (D)
  A hound (D)
  A gnoll shaman (D)
  A jelly (D)
  2 worker ants (D)
  A hell rat (D)
  4 gnolls (D)
  An adder (D)
  2 ufetubi (D)
  An ooze (D)
  An adder skeleton (D)
  A worm (D)
  An orc (D)
  2 bat skeletons (D)
  3 kobolds (D)
  A ball python (D)
  4 bats (D)
85 creatures vanquished.

Vanquished Creatures (collateral kills)
  A hydra (D)
  A rime drake (D)
2 creatures vanquished.

Vanquished Creatures (others)
  A blink frog (D)
1 creature vanquished.

Grand Total: 88 creatures vanquished

Notes
Turn   | Place    | Note
-------+----------+-------------------------------------------
     0 | D        | Ghella the Formicid Fighter began the quest for the Orb.
     0 | D        | Reached XP level 1. HP: 18/18 MP: 1/1
    47 | D        | Found a glowing golden altar of the Shining One.
    47 | D        | Found a glowing silver altar of Zin.
    47 | D        | Found a basalt altar of Yredelemnul.
    47 | D        | Found a shimmering altar of Xom.
    47 | D        | Found an ornate altar of the Wu Jian Council.
    47 | D        | Found a bloodstained altar of Trog.
    47 | D        | Found a deep blue altar of Sif Muna.
    47 | D        | Found a sacrificial altar of Ru.
    47 | D        | Found a stormy altar of Qazlal.
    47 | D        | Found an iron altar of Okawaru.
    47 | D        | Found a sparkling altar of Nemelex Xobeh.
    47 | D        | Found a burning altar of Makhleb.
    47 | D        | Found a viscous altar of Jiyva.
    47 | D        | Found a hazy altar of Hepliaklqana.
    47 | D        | Found an opulent altar of Gozag.
    47 | D        | Found a blossoming altar of Fedhas.
    47 | D        | Found a white marble altar of Elyvilon.
    47 | D        | Found a shadowy altar of Dithmenos.
    47 | D        | Found a snail-covered altar of Cheibriados.
    48 | D        | Found a radiant altar of Vehumet.
    48 | D        | Found a corrupted altar of Lugonu.
    48 | D        | Found a roughly hewn altar of Beogh.
    49 | D        | Found an ancient bone altar of Kikubaaqudgha.
    49 | D        | Found a hide-covered altar of Uskayaw.
    49 | D        | Found a shattered altar of Ashenzari.
    60 | D        | Became a worshipper of Qazlal Stormbringer
    81 | D        | Reached skill level 2 in Invocations
    81 | D        | Reached XP level 2. HP: 22/25 MP: 1/3
   267 | D        | Reached * piety under Qazlal
   267 | D        | Reached skill level 3 in Invocations
   267 | D        | Reached XP level 3. HP: 25/30 MP: 5/5
   292 | D        | Reached ** piety under Qazlal
   399 | D        | Reached skill level 5 in Shields
   399 | D        | Reached skill level 4 in Invocations
   399 | D        | Reached XP level 4. HP: 38/38 MP: 5/7
   408 | D        | Noticed a sky beast
   408 | D        | Noticed a necrophage
   421 | D        | Reached *** piety under Qazlal
   427 | D        | Killed a necrophage
   427 | D        | Reached skill level 5 in Fighting
   427 | D        | Reached skill level 5 in Armour
   427 | D        | Reached skill level 1 in Dodging
   427 | D        | Reached skill level 5 in Invocations
   427 | D        | Reached XP level 5. HP: 44/44 MP: 8/8
   445 | D        | Killed a sky beast
   445 | D        | Reached XP level 6. HP: 29/51 MP: 8/10
   682 | D        | Noticed a hungry ghost
   684 | D        | Killed a hungry ghost
   684 | D        | Reached skill level 6 in Invocations
   684 | D        | Reached XP level 7. HP: 57/57 MP: 6/12
   923 | D        | Noticed a deep elf mage
   942 | D        | Killed a deep elf mage
   942 | D        | Reached skill level 10 in Axes
   942 | D        | Reached skill level 10 in Shields
   942 | D        | Reached skill level 8 in Invocations
   942 | D        | Reached XP level 8. HP: 62/65 MP: 5/14
   948 | D        | Reached **** piety under Qazlal
  1128 | D        | Noticed a redback
  1133 | D        | Killed a redback
  1133 | D        | Reached ***** piety under Qazlal
  1272 | D        | Noticed Dowan
  1273 | D        | Noticed Duvessa
  1275 | D        | Killed Dowan
  1276 | D        | Noticed a gargoyle
  1288 | D        | Killed Duvessa
  1345 | D        | Killed a gargoyle
  1345 | D        | Reached skill level 9 in Invocations
  1345 | D        | Reached XP level 9. HP: 71/71 MP: 3/16
  1436 | D        | Noticed a spiny frog
  1443 | D        | Killed a spiny frog
  1443 | D        | Reached skill level 10 in Invocations
  1457 | D        | Noticed a seven-headed hydra
  1462 | D        | Noticed a blink frog
  1465 | D        | Noticed a rime drake
  1468 | D        | Killed a seven-headed hydra
  1468 | D        | Reached skill level 11 in Invocations
  1472 | D        | Killed a blink frog
  1474 | D        | Killed a rime drake
  1474 | D        | Reached skill level 12 in Invocations
  1475 | D        | Noticed a blink frog
  1480 | D        | Noticed a blink frog
  1487 | D        | Killed a blink frog
  1487 | D        | Reached XP level 10. HP: 53/79 MP: 6/19
  1736 | D        | Noticed a spiny frog
  1736 | D        | Noticed a rime drake
  1739 | D        | Killed a rime drake
  1739 | D        | Reached skill level 13 in Invocations
  1739 | D        | Killed a spiny frog
  1789 | D        | Reached ****** piety under Qazlal
  1789 | D        | Reached skill level 14 in Invocations
  1840 | D        | Noticed a demonic crawler
  1841 | D        | Reached skill level 15 in Invocations
  1841 | D        | Killed a demonic crawler
  1841 | D        | Reached skill level 10 in Armour
  1841 | D        | Reached XP level 11. HP: 86/86 MP: 20/22
  1849 | D        | Noticed a two-headed ogre
  1860 | D        | Killed a two-headed ogre
  1860 | D        | Reached skill level 16 in Invocations
  2001 | D        | Noticed a skeletal warrior
  2002 | D        | Noticed a phantasmal warrior
  2004 | D        | Noticed a skeletal warrior
  2005 | D        | Killed a phantasmal warrior
  2005 | D        | Reached skill level 17 in Invocations
  2005 | D        | Killed a sea snake
  2005 | D        | Killed a skeletal warrior
  2005 | D        | Killed a skeletal warrior
  2006 | D        | Reached skill level 18 in Invocations
  2010 | D        | Killed a skeletal warrior
  2010 | D        | Reached skill level 15 in Axes
  2015 | D        | Noticed Eustachio
  2018 | D        | Reached XP level 12. HP: 79/94 MP: 7/25
  2018 | D        | Killed Eustachio
  2244 | D        | Gained mutation: Your system is resistant to poisons.
                  | (rPois) [potion of mutation]
  2244 | D        | Gained mutation: You are frail. (-10% HP) [potion of
                  | mutation]
  2244 | D        | Gained mutation: You possess an exceptional clarity of
                  | mind. [potion of mutation]
  2244 | D        | Gained mutation: You evolve. [potion of mutation]
  2393 | D        | Reached skill level 19 in Invocations
  2709 | D        | Noticed a seven-headed hydra
  2740 | D        | Killed an eight-headed hydra
  2992 | D        | Noticed a Tzitzimitl
  3010 | D        | Killed from afar by a Tzitzimitl

Vault maps used:
D:        pitsprint

Skill      XL: |  1  2  3  4  5  6  7  8  9 10 11 12 |
---------------+-------------------------------------+-----
Shields        | 4 5 6 7 8 10 12 13 14 | 14.4
Invocations    | 2 3 4 5 6 8 9 12 15 18 19 | 19.9
Fighting       | 4 5 6 7 8 9 |  9.1
Axes           | 3 4 6 7 8 10 11 13 14 15 | 15.8
Armour         | 4 5 6 7 8 10 11 | 11.6
Dodging        | 1 2 3 4 |  4.8

Action                   |  1- 3 |  4- 6 |  7- 9 | 10-12 || total
-------------------------+-------+-------+-------+-------++-------
Melee: Hand axe          |    51 |    26 |    28 |       ||   105
       War axe           |     3 |       |    18 |    85 ||   106
Invok: Upheaval          |       |     1 |    12 |     8 ||    21
       Elemental Force   |       |       |     1 |     1 ||     2
       Disaster Area     |       |       |       |     7 ||     7
  Use: Potion            |       |       |       |     7 ||     7
 Stab: Distracted        |       |       |     2 |       ||     2
  Eat: Chunk             |       |       |     2 |     2 ||     4
       Ration            |       |       |       |     1 ||     1
Armor: Scale mail        |    30 |       |       |       ||    30
       Chain mail        |    10 |    10 |    17 |    27 ||    64
Dodge: Dodged            |    16 |     2 |    11 |    13 ||    42
Block: Shield            |    42 |    25 |    32 |    74 ||   173

Table legend:
 A = Non-vault XP
 B = Vault XP
 C = Vault XP percentage of total XP
 D = Non-vault monster count
 E = Vault monster count
 F = Vault count percentage of total count
                 A         B        C        D         E       F
            +---------+---------+-------+---------+---------+-------
      Total |       0 |   20852 | 100.0 |       0 |      88 | 100.0
            +---------+---------+-------+---------+---------+-------
          D |       0 |   20852 | 100.0 |       0 |      88 | 100.0
            +---------+---------+-------+---------+---------+-------
